 Dungeon Crawl Stone Soup version 0.21.0-3-g78d12a8 (webtiles) character file.

36 wojtek the Cutter (level 3, -5/23 HPs)
             Began as a Kobold Berserker on Jan 14, 2018.
             Was a Believer of Trog.
             Slain by a hobgoblin
             ... wielding a +0 club
              (7 damage)
             ... on level 1 of the Dungeon.
             The game lasted 00:01:41 (1118 turns).

wojtek the Cutter (Kobold Berserker)                Turns: 1118, Time: 00:01:41

Health: -5/23      AC:  2    Str: 15    XL:     3   Next: 57%
Magic:  3/3        EV: 15    Int:  8    God:    Trog [**....]
Gold:   79         SH:  0    Dex: 14    Spells: 2/2 levels left

rFire    . . .     SeeInvis .   n - +1 dagger (flame)
rCold    . . .     Gourm    .   (shield restricted)
rNeg     . . .     Faith    .   b - +0 animal skin
rPois    .         Spirit   .   (no helmet)
rElec    .         Reflect  .   (no cloak)
rCorr    .         Harm     .   (no gloves)
MR       .....                  (no boots)
Stlth    +.........             (no amulet)
HPRegen  0.07/turn              (no ring)
MPRegen  0.08/turn              (no ring)

@: no status effects
A: small, carnivore
a: Berserk, Trog's Hand, Burn Spellbooks, Renounce Religion


You were on level 1 of the Dungeon.
You worshipped Trog.
Trog was pleased with you.
You were completely stuffed.

You visited 1 branch of the dungeon, and saw 2 of its levels.

You collected 79 gold pieces.

Inventory:

Hand Weapons
 n - a +1 dagger of flaming (weapon)
Armour
 b - a +0 animal skin (worn)
 d - a +0 plate armour
Jewellery
 h - a +2 ring of dexterity {unknown}
Scrolls
 e - a scroll of fear {unknown}
 g - 2 scrolls of enchant armour {unknown}
 j - a scroll of magic mapping {unknown}
 k - a scroll of teleportation {unknown}
 m - a scroll of amnesia {unknown}
Potions
 f - a potion of curing {unknown}
 l - 2 potions of resistance {unknown}
Comestibles
 c - a ration
 i - 2 chunks of flesh


   Skills:
 - Level 3.2 Fighting
 * Level 5.8 Short Blades
 - Level 1.5 Armour
 - Level 2.4 Dodging


You had 2 spell levels left.
You didn't know any spells.

Dungeon Overview and Level Annotations

Branches:
Dungeon (2/15)

Altars:


Innate Abilities, Weirdness & Mutations

You are small and have problems with some larger weapons.
You are carnivorous and can eat meat at any time.


Message History

You climb upwards.
There is a stone staircase leading down here.
You hit the hobgoblin but do no damage. The hobgoblin misses you.
The worm misses you. The kobold barely misses you.
You hit the hobgoblin. You burn the hobgoblin.
The hobgoblin is heavily wounded.
The hobgoblin completely misses you.
You hit the hobgoblin but do no damage.
The hobgoblin is heavily wounded.
The kobold hits you. The worm bites you.
You hit the hobgoblin. You burn the hobgoblin.
The hobgoblin is almost dead.
The hobgoblin hits you with a club!
* * * LOW HITPOINT WARNING * * *
The kobold hits you.
* * * LOW HITPOINT WARNING * * *
You hit the hobgoblin but do no damage.
The hobgoblin is severely wounded.
The hobgoblin hits you with a club!
You die...

#...# ##### #...#### #...#
#......# ########...# ##
#...##.#####)....##...# (#
##.###.#.....######...# .#
##.......##### ##...# .##
##..####..# #..#.# ..## #...#
##g## #.##.# ...#####...#
#@K#### #.##.#
.....##..########w...# #.##.#
.................###.#####.##.#
............####...........##.#
.....##.###..# ######.....###.#
........# ##.# ##......#.#
.######## ### ### ##.#.#...#
##.### ###.## #)#.##..###
#....### ###....## #.#.###...#


You could see a worm, a hobgoblin and a kobold.

Vanquished Creatures
  A worm (D:1)
  A dart slug (D:1)
  A leopard gecko (D:1)
  A bat (D:1)
  3 hobgoblins
  9 jackals (D:1)
  6 kobolds (D:1)
  2 frilled lizards (D:1)
  4 rats (D:1)
28 creatures vanquished.

Notes
Turn   | Place    | Note
-------+----------+-------------------------------------------
     0 | D:1      | wojtek the Kobold Berserker began the quest for the Orb.
     0 | D:1      | Reached XP level 1. HP: 14/14 MP: 1/1
   116 | D:1      | Reached XP level 2. HP: 7/19 MP: 2/2
   339 | D:1      | Reached skill level 5 in Short Blades
   665 | D:1      | Reached XP level 3. HP: 19/23 MP: 3/3
  1004 | D:1      | Reached ** piety under Trog
  1118 | D:1      | Slain by a hobgoblin

Skill      XL: |  1  2 |
---------------+-------+-----
Short Blades   | 5 |  5.8
Fighting       | |  3.2
Armour         | |  1.5
Dodging        | |  2.4

Action                   || total
-------------------------++-------
Melee: Short sword       ||    80
       Dagger            ||    18
 Stab: Sleeping          ||     1
  Eat: Chunk             ||     9
Armor: Animal skin       ||     9
Dodge: Dodged            ||    76
